 Dungeon Crawl Stone Soup version 0.30-a0-424-g7412bad402 (webtiles) character file.

Game seed: 14797849086167800036

1346 MackTheKnife the Carver (level 8, -3/56 HPs)
             Began as a Merfolk Warper on Dec 9, 2022.
             Was an Elder of Jiyva.
             Slain by a two-headed ogre
             ... wielding a +0 giant spiked club
              (23 damage)
             ... on level 4 of the Dungeon.
             The game lasted 00:07:58 (3880 turns).

MackTheKnife the Carver (Merfolk Warper)            Turns: 3880, Time: 00:07:58

Health: -3/56      AC:  8    Str:  9    XL:     8   Next: 62%
Magic:  11/11      EV: 13    Int: 20    God:    Jiyva [****..]
Gold:   231        SH:  0    Dex: 14    Spells: 11/11 levels left

rFire   . . .      SeeInvis +    e - +0 double sword (holy) {longrare=g}
rCold   . . .      Faith    .    (no shield)
rNeg    . . .      Spirit   .    w - +0 ring mail
rPois   +          Reflect  .    (no helmet)
rElec   .          Harm     .    B - +0 cloak
rCorr   +          Rampage  .    (no gloves)
Will    .....                    l - +1 pair of boots
Stlth   +.........               (no amulet)
HPRegen 1.57/turn                A - ring of see invisible
MPRegen 0.52/turn                (no ring)

@: no status effects
A: (nimble swimmer 2), mertail, clever 2, poison resistance, jelly absorbing
missiles
a: Renounce Religion, Oozemancy, Slimify


You were on level 4 of the Dungeon.
You worshipped Jiyva.
Jiyva was greatly pleased with you.
You visited 1 branch of the dungeon, and saw 7 of its levels.
You also visited: Ossuary.

You collected 231 gold pieces.


Innate Abilities, Weirdness & Mutations

((You are very nimble when in or above water. (Stealth+, EV+, Speed+++)))
Your lower body shifts to a powerful aquatic tail in water.
Your mind is very acute. (Int +8, Str/Dex -2)
Your system is resistant to poisons. (rPois)
You have a small jelly attached to you that may absorb projectiles.


   Skills:
 - Level 2.1 Fighting
 + Level 9.8 Long Blades
 - Level 1.0 Throwing
 - Level 0.6 Armour
 - Level 8.9 Dodging
 - Level 2.0 Spellcasting
 - Level 2.4 Translocations


You had 11 spell levels left.
You didn't know any spells.
Your spell library contained the following spells:

 Spells                   Type           Power      Damage    Failure   Level
 Blink                    Tloc           22%        N/A       26%         2
 Sting                    Tmut/Pois      8%         1d3       41%         1
 Lesser Beckoning         Tloc           22%        N/A       45%         3
 Teleport Other           Tloc           11%        N/A       45%         3
 Cigotuvi's Dreadful Rot  Necr/Pois/Air  4%         N/A       54%         2
 Vhi's Electric Charge    Tloc/Air       12%        N/A       63%         3
 Manifold Assault         Tloc           11%        N/A       86%         4
 Dispel Undead            Necr           2%         3d7       99%         4
 Death Channel            Necr           1%         N/A       100%        6

Inventory:

Hand Weapons
 e - a +0 double sword of holy wrath (weapon) {longrare=g}
   (You acquired it on level 4 of the Dungeon)
Armour
 b - a +0 leather armour
 h - a +0 buckler
   (You found it on level 1 of the Dungeon)
 k - a +0 leather armour
   (You found it on level 1 of the Dungeon)
 l - a +1 pair of boots (worn)
   (You found it on level 1 of the Dungeon)
 q - a +0 robe
   (You found it on level 1 of the Dungeon)
 r - a +0 chain mail
   (You found it on level 2 of the Dungeon)
 s - a +0 leather armour
   (You found it on level 2 of the Dungeon)
 u - a +0 robe
   (You found it on level 2 of the Dungeon)
 v - a +0 chain mail
   (You found it on level 2 of the Dungeon)
 w - a +0 ring mail (worn)
   (You found it on level 2 of the Dungeon)
 B - a +0 cloak (worn)
   (You found it on level 3 of the Dungeon)
 C - a +0 leather armour
   (You took it off an orc on level 3 of the Dungeon)
 D - a +0 robe
   (You took it off Jessica on level 3 of the Dungeon)
 J - a +0 robe
   (You found it on level 6 of the Dungeon)
Jewellery
 x - a ring of poison resistance
   (You found it on level 2 of the Dungeon)
 A - a ring of see invisible (left hand)
   (You found it on level 3 of the Dungeon)
 P - an amulet of reflection
   (You took it off a gnoll on level 3 of the Dungeon)
Wands
 F - a wand of charming (3)
   (You found it on level 7 of the Dungeon)
Scrolls
 c - a scroll of blinking {!r}
 d - a scroll of immolation {unknown}
 i - 2 scrolls of teleportation {@r4}
 j - 3 scrolls of fear
 o - 2 scrolls of magic mapping {!r}
Potions
 a - a potion of lignification {unknown}
 f - a potion of mutation {!q}
 m - 2 potions of flight
 t - 2 potions of attraction {!q}
 I - a potion of heal wounds {@q2}
 K - a potion of ambrosia {unknown}
 L - a potion of might {unknown}
 M - 3 potions of haste {unknown}
 N - 2 potions of degeneration {unknown}
 O - a potion of resistance {unknown}

Dungeon Overview and Level Annotations

Branches:
Dungeon (7/15) Zot: 26470  Temple (0/1) D:4         Ossuary (visited)

Altars:
Jiyva

.........# ************,#....
.........# *,,,,,,......†.###
.........# *,,,,,,J....##.#
J........# *,,,,,,....,*#.#
.........# *,,,,,,...,,,..#
.........#######,,,,,,..,,,*###
...............#***,,...,,,*
.....#.........####.....,,,***
......#.........@O......,,,,>*
.........J.....####.....,,**,*
...............# *,,...,,**,*
..#..##........# *,,,,.,,**,*
...............# **********,*
<####....####### *,* ## ######
*,* *,* *,*


You could see a two-headed ogre and a neutral jelly (wandering) (fellow slime).


Message History

The orc hits the endoplasm with a +0 flail.
The endoplasm dies! 😕 HP[+1] Unknown command.
You barely miss the orc priest.
The orc priest closely misses you. 😕 HP[+2]
You regained 2 hp, and now have 53/56 hp.
Unknown command.
You slash the orc priest!
You kill the orc priest! 😕 HP[+2]
You regained 2 hp, and now have 55/56 hp.
Unknown command.
You slice the orc!!
You kill the orc! 😎 HP[+1]
Your hp is fully restored (56).
Unknown command.
You slash the phantom!
The phantom convulses!
The phantom misses you.
You hit the phantom.
You destroy the phantom!
No target in view!
No target in view!
Okay, then.
Items here: ))) ††.
You hear a slurping noise.
Key pressed, stopping explore.
You hear a distant slurping noise.
You open the door.
There is an open door here.
a - a fizzy golden potion
d - a scroll labelled WAOFOA JAHACH You hear a distant slurping noise.
Key pressed, stopping explore.
Key pressed, stopping explore.
A goblin comes into view. It is wielding a +0 club.
The goblin shouts!
The goblin moves out of view.
Jiyva gurgles merrily.
A goblin is nearby!
The goblin hits you but does no damage.
You barely miss the goblin. The goblin closely misses you.
You slash the goblin!
You kill the goblin!
No target in view!
No target in view!
No target in view!
No target in view!
No target in view!
No target in view!
You hear a slurping noise.
Key pressed, stopping explore.
You swap places.
Jiyva says: Divide and consume!
Key pressed, stopping explore.
An adder comes into view.
The adder hisses angrily.
You hear a distant slurping noise.
You slice the adder!!
You kill the adder!
No target in view!
No target in view!
You hear a distant slurping noise.
Key pressed, stopping explore.
Key pressed, stopping explore.
There is a stone staircase leading down here.
Your legs become a tail as you enter the water.
Your +1 pair of boots melds into your body.
Your +1 pair of boots unmelds from your body.
A two-headed ogre is nearby!
The two-headed ogre shouts in stereo!
You hit the two-headed ogre. The two-headed ogre barely misses you.
The two-headed ogre hits you with a +0 giant club!! 😮 HP[-21]
You take 21 damage, and now have 35/56 hp.
MASSIVE DAMAGE!! (PAUSE)
You slash the two-headed ogre! 😮 HP[+2]
You regained 2 hp, and now have 37/56 hp.
You hit the two-headed ogre.
The two-headed ogre hits you but does no damage.
The two-headed ogre hits you with a +0 giant club!
* * * LOW HITPOINT WARNING * * *
😨 HP[-12]
You take 12 damage, and now have 25/56 hp.
MASSIVE DAMAGE!! (PAUSE)
You barely miss the two-headed ogre.
The two-headed ogre is no longer covered in acid.
The two-headed ogre hits you with a +0 giant spiked club!
* * * LOW HITPOINT WARNING * * *
The two-headed ogre barely misses you. 😨 HP[-8]
You take 8 damage, and now have 17/56 hp.
Unknown command.
You fail to use your ability. 😨 HP[+1] Unknown command.
Unknown command.
You fail to use your ability.
The two-headed ogre hits you with a +0 giant spiked club!!
You die...

Skill      XL: |  1  2  3  4  5  6  7  8 |
---------------+-------------------------+-----
Long Blades    | 3 4 5 6 7 8 9 |  9.8
Dodging        | 3 5 6 7 8 |  8.9
Fighting       | |  2.1
Throwing       | |  1.0
Armour         | |  0.6
Spellcasting   | |  2.0
Translocations | |  2.4

Action                   |  1- 3 |  4- 6 |  7- 9 || total
-------------------------+-------+-------+-------++-------
Melee: Falchion          |   117 |    71 |   352 ||   540
       Punch             |     1 |     5 |     4 ||    10
       Dagger            |    12 |    91 |       ||   103
       Double sword      |       |       |    18 ||    18
  Use: Scroll            |       |       |    13 ||    13
 Stab: Sleeping          |     1 |       |       ||     1
Armor: Leather armour    |    25 |       |       ||    25
       Ring mail         |     6 |    51 |   135 ||   192
Dodge: Dodged            |    81 |    72 |   237 ||   390

Levels and vault maps discovered:
D:1:      dpeg_arrival_tiny_a, layout_basic, minmay_misc_feat_square
D:2:      layout_loops_ring, shapermc_ecumenical_altar_rom_forum
D:3:      layout_loops_ring, uniq_jessica
D:4:      layout_basic, minmay_temple_entry_mist, nicolae_ossuary_entry_ruins
D:5:      layout_basic
D:6:      layout_loops_corners, uniq_edmund
D:7:      layout_basic, cheibrodos_ashenzari_chains,
          mainiacjoe_overflow_chevrons, xom_shifter_show, kennysheep_boxes

Notes
Turn   | Place    | Note
-------+----------+-------------------------------------------
     0 | D:1      | MackTheKnife the Merfolk Warper began the quest for the
                  | Orb.
     0 | D:1      | Reached XP level 1. HP: 16/16 MP: 3/3
     0 | D:1      | magus.rc [v1.9.6]
    71 | D:1      | Reached skill level 3 in Long Blades
    97 | D:1      | Reached XP level 2. HP: 21/22 MP: 5/5
   297 | D:1      | Reached skill level 4 in Long Blades
   371 | D:1      | Reached XP level 3. HP: 27/27 MP: 6/6
  1079 | D:2      | Found a faded altar of an unknown god.
  1089 | D:2      | Got Plato's Tome of Toxicity
  1090 | D:2      | Prayed at the altar of an unknown god.
  1090 | D:2      | Became a worshipper of Jiyva Jaron the Shapeless
  1090 | D:2      | Reached * piety under Jiyva
  1116 | D:2      | You pick up a book of Decay and begin reading...
  1116 | D:2      | You add the spells Cigotuvi's Dreadful Rot, Dispel Undead
                  | and Death Channel to your library.
  1652 | D:3      | Reached XP level 4. HP: 28/33 MP: 7/7
  1674 | D:3      | Reached skill level 3 in Dodging
  1679 | D:3      | Reached skill level 5 in Long Blades
  1911 | D:3      | Reached ** piety under Jiyva
  1925 | D:3      | Noticed Jessica
  1931 | D:3      | Killed Jessica
  1932 | D:3      | Reached XP level 5. HP: 38/38 MP: 8/8
  1984 | D:3      | Reached skill level 4 in Dodging
  2354 | D:4      | Found a sand-covered staircase.
  2356 | D:4      | Found a staircase to the Ecumenical Temple.
  2356 | D:4      | You fall into a shaft and drop 3 floors!
  2416 | D:7      | Noticed an ogre
  2548 | D:6      | Reached *** piety under Jiyva
  2624 | D:6      | Gained mutation: Your mind is acute. (Int +4, Str/Dex -1)
                  | [Jiyva's grace]
  2624 | D:6      | Gained mutation: Your mind is very acute. (Int +8, Str/Dex
                  | -2) [Jiyva's grace]
  2624 | D:6      | Gained mutation: Your system is resistant to poisons.
                  | (rPois) [Jiyva's grace]
  2624 | D:6      | Gained mutation: You have a small jelly attached to you
                  | that may absorb projectiles. [Jiyva's grace]
  2714 | D:6      | Reached skill level 6 in Long Blades
  2723 | D:6      | Reached skill level 5 in Dodging
  2723 | D:6      | Reached XP level 6. HP: 42/44 MP: 9/9
  2743 | D:5      | Entered Level 5 of the Dungeon
  2827 | Ossuary  | Entered an ossuary
  2904 | Ossuary  | Reached skill level 7 in Long Blades
  2904 | Ossuary  | Reached skill level 6 in Dodging
  2926 | Ossuary  | Reached XP level 7. HP: 47/50 MP: 10/10
  3017 | Ossuary  | Reached skill level 7 in Dodging
  3079 | Ossuary  | Reached skill level 8 in Long Blades
  3150 | Ossuary  | Reached XP level 8. HP: 56/56 MP: 11/11
  3186 | Ossuary  | Reached skill level 8 in Dodging
  3344 | Ossuary  | Reached skill level 9 in Long Blades
  3462 | D:4      | Noticed a two-headed ogre
  3600 | D:4      | Identified a scroll of acquirement
  3600 | D:4      | Acquired a +0 double sword of holy wrath
  3601 | D:4      | e - a +0 double sword of holy wrath {longrare=g}
  3602 | D:4      | your +0 double sword of holy wrath {longrare=g} softly
                  | glows with a divine radiance!
  3602 | D:4      | e - a +0 double sword of holy wrath (weapon) {longrare=g}
  3635 | D:4      | Reached **** piety under Jiyva
  3880 | D:4      | Slain by a two-headed ogre

Vanquished Creatures
  A phantom (D:4)
  A bullfrog (D:6)
  A necrophage (D:5)
  12 scorpions
  A howler monkey (D:4)
  2 centaur zombies (Ossuary)
  A hound (D:6)
  A human zombie (Ossuary)
  3 orc priests
  Jessica (D:3)
  5 scorpion zombies (Ossuary)
  A mummy (Ossuary)
  2 gnolls (D:3)
  2 adders
  A dart slug (D:1)
  4 orcs
  6 ball pythons
  4 bats
  4 endoplasms (D:1)
  2 giant cockroaches (D:1)
  2 gnoll zombies (Ossuary)
  6 goblins
  9 hobgoblins
  A jackal (D:4)
  7 kobolds
  3 quokkas
  4 frilled lizards (D:1)
  2 goblin zombies (Ossuary)
  A hobgoblin zombie (Ossuary)
  7 kobold zombies (Ossuary)
  5 orc zombies (Ossuary)
  5 rats
107 creatures vanquished.

Vanquished Creatures (others)
  A water moccasin (D:4)
  A howler monkey (D:4)
  8 jellies
  2 orc wizards (D:4)
  2 mummies (Ossuary)
  4 gnolls (D:4)
  4 endoplasms
  A goblin (D:4)
  3 hobgoblins
  A jackal (D:4)
  2 ball pythons (D:4)
  A frilled lizard (D:3)
  A hobgoblin zombie (Ossuary)
  2 kobolds
  A rat (shapeshifter) (D:7)
  6 fungi (D:7)
  3 plants (D:7)
43 creatures vanquished.

Grand Total: 150 creatures vanquished

Table legend:
 A = Non-vault XP
 B = Vault XP
 C = Vault XP percentage of total XP
 D = Non-vault monster count
 E = Vault monster count
 F = Vault count percentage of total count
                 A         B        C        D         E       F
            +---------+---------+-------+---------+---------+-------
      Total |     728 |    1196 |  62.2 |      69 |      38 |  35.5
            +---------+---------+-------+---------+---------+-------
        D:1 |      54 |       0 |   0.0 |      31 |       0 |   0.0
        D:2 |      16 |       0 |   0.0 |      11 |       0 |   0.0
        D:3 |      98 |      37 |  27.4 |      13 |       1 |   7.1
        D:4 |     259 |       0 |   0.0 |      10 |       0 |   0.0
        D:5 |      88 |       0 |   0.0 |       1 |       0 |   0.0
        D:6 |     213 |       0 |   0.0 |       3 |       0 |   0.0
    Ossuary |       0 |    1159 | 100.0 |       0 |      37 | 100.0
            +---------+---------+-------+---------+---------+-------

Illustrated notes

Table legend:
 A = Kills in this place as a percentage of kills in entire the game.
 B = Kills by you in this place as a percentage of kills by you in the entire game.
 C = Kills by friends in this place as a percentage of kills by friends in the entire game.
 D = Other kills in this place as a percentage of other kills in the entire game.
 E = Experience gained in this place as a percentage of experience gained in the entire game.
 F = Experience gained in this place divided by the number of levels of this place that you have seen.
                   A       B       C       D       E      F
               +-------+-------+-------+-------+-------+----------------------
         Total | 100.0 | 100.0 |   N/A |   N/A | 100.0 | 240.5
       Dungeon |  65.4 |  65.4 |   N/A |   N/A |  39.8 | 109.3
       Ossuary |  34.6 |  34.6 |   N/A |   N/A |  60.2 | 1159.0
               +-------+-------+-------+-------+-------+----------------------

Table legend: (Time is in decaauts)
 A = Elapsed time spent in this place.
 B = Non-inter-level travel time spent in this place.
 C = Inter-level travel time spent in this place.
 D = Time resting spent in this place.
 E = Time spent auto-exploring this place.
 F = Levels seen in this place.
 G = Mean time per level.
                   A        B        C        D        E       F      G
               +--------+--------+--------+--------+--------+-----+--------+
         Total |   3826 |   3685 |    141 |     27 |   2414 |   8 |  478.2 |
       Dungeon |   3270 |   3129 |    141 |     27 |   2350 |   7 |  467.1 |
       Ossuary |    555 |    555 |      0 |      0 |     64 |   1 |  555.0 |
               +--------+--------+--------+--------+--------+-----+--------+

Top non-repeatable levels by time:
     D:3: 851 daAuts
     D:2: 840 daAuts
     D:1: 753 daAuts
 Ossuary: 555 daAuts
     D:4: 393 daAuts
     D:6: 299 daAuts
     D:7: 82 daAuts
     D:5: 50 daAuts
